 Dungeon Crawl Stone Soup version 0.27-a0-676-gc1da3516c2 (webtiles) character file.

Game seed: 13073837861689193267

1790 Aapotti the Conjurer (level 8, -1/65 (68) HPs)
             Began as a Demigod Conjurer on Mar 18, 2021.
             Slain by a wight
             ... wielding a +1 great sword of freezing
              (3 damage)
             ... on level 7 of the Dungeon.
             The game lasted 00:28:05 (7152 turns).

Aapotti the Conjurer (Demigod Conjurer)             Turns: 7152, Time: 00:28:05

HP:   -1/65 (68)    AC:  6    Str: 12    XL:     8   Next: 52%
MP:   3/19          EV: 12    Int: 24    God:
Gold: 296           SH:  0    Dex: 18    Spells: 6/17 levels left

rFire    . . .     SeeInvis .   v - +5 halberd (freeze)
rCold    . . .     Faith    .   (shield currently unavailable)
rNeg     . . .     Spirit   .   e - +0 leather armour
rPois    .         Reflect  .   (no helmet)
rElec    .         Harm     .   s - +2 cloak
rCorr    .         Rampage  .   (no gloves)
Will     .....                  (no boots)
Stlth    ++........             (no amulet)
HPRegen  0.20/turn              t - +6 ring of dexterity
MPRegen  0.16/turn              (no ring)

@: very slightly contaminated, lightly drained
A: high mp 1, forlorn
a: no special abilities


You were on level 7 of the Dungeon.
You visited 1 branch of the dungeon, and saw 7 of its levels.

You collected 296 gold pieces.

Inventory:

Hand Weapons
 n - a +2 dagger of venom
 v - a +5 halberd of freezing (weapon)
Armour
 e - a +0 leather armour (worn)
 s - a +2 cloak (worn)
Magical Staves
 b - a staff of conjuration
Jewellery
 c - a ring of fire
 t - a +6 ring of dexterity (right hand)
Wands
 g - a wand of flame (9)
 o - a wand of iceblast (7)
Scrolls
 a - a scroll of vulnerability {unknown}
 d - a scroll of teleportation
 f - a scroll of fog
 j - 2 scrolls of identify
 l - a scroll of amnesia {unknown}
 p - 2 scrolls of immolation
 u - a scroll of magic mapping {unknown}
Potions
 h - 2 potions of brilliance
 i - a potion of magic
 k - 2 potions of curing
 m - a potion of heal wounds
 q - 2 potions of attraction {unknown}
 r - a potion of might {unknown}


   Skills:
 + Level 5.2 Fighting
 - Level 0.2(0.5) Short Blades
 - Level 0.8(0.9) Long Blades
 - Level 2.0 Dodging
 - Level 1.7 Stealth
 + Level 5.0 Spellcasting
 * Level 7.9 Conjurations


You had 6 spell levels left.
You knew the following spells:

 Your Spells              Type           Power      Damage    Failure   Level
a - Magic Dart            Conj           100%       1d8       1%          1
b - Searing Ray           Conj           88%        3d6       1%          2
c - Fulminant Prism       Conj/Hex       12%        3d9       22%         4
d - Iskenderun's Mystic   Conj/Tloc      25%        2d7       22%         4

Your spell library contained the following spells:

 Spells                   Type           Power      Damage    Failure   Level
 Dazzling Flash           Conj/Hex       50%        N/A       6%          3
 Static Discharge         Conj/Air       25%        N/A       6%          3
 Animate Skeleton         Necr           12%        N/A       11%         1
 Apportation              Tloc           12%        N/A       11%         1
 Corona                   Hex            6%         N/A       11%         1
 Pain                     Necr           24%        1d5       11%         1
 Summon Small Mammal      Summ           24%        N/A       11%         1
 Vampiric Draining        Necr           3%         2d6       32%         3
 Lightning Bolt           Conj/Air       12%        1d26      52%         5
 Animate Dead             Necr           3%         N/A       73%         4
 Agony                    Necr           6%         N/A       97%         5
 Ignition                 Fire           3%         3d4       100%        8
 Shatter                  Erth           3%         3d7*      100%        9
 Tornado                  Air            3%         N/A       100%        9


Dungeon Overview and Level Annotations

Branches:
Dungeon (7/15)
 Temple: D:4-7


Innate Abilities, Weirdness & Mutations

Your attributes grow dramatically as you level up.
You have an increased reservoir of magic. (+10% MP)
You shall have no god before yourself.


Message History

You feel off-balance for a moment.
Your magical effects are unravelling.
You feel as though you will be slow longer.
The wight throws a stone.
The stone hits you.
Casting: Fulminant Prism (dangerous; 22% risk of failure)
Confirm with . or Enter, or press ? or * to list all spells.
Aiming: Fulminant Prism (dangerous; 22% risk of failure)
Press: ? - help, Dir - move target You feel a surge of power!
You miscast Fulminant Prism.
Nothing appears to happen.
The wight throws a stone.
The stone barely misses you.
Casting: Fulminant Prism (dangerous; 22% risk of failure)
Confirm with . or Enter, or press ? or * to list all spells.
You don't have enough magic to cast this spell.
The wight throws a stone.
The stone hits you.
The wight hits you with a +1 great sword of freezing!
You feel drained. The wight freezes you.
The wight throws a stone.
The stone barely misses you.
Okay, then.
You feel much better. The wight closely misses you.
Your +5 halberd of freezing glows with a cold blue light!
v - a +5 halberd of freezing (weapon)
The wight hits you with a +1 great sword of freezing.
The wight freezes you.
You hit the wight.
The wight is moderately damaged.
You feel yourself speed up. The wight closely misses you.
The wight hits you with a +1 great sword of freezing!
The wight freezes you.
You puncture the wight!
The wight is almost destroyed.
The wight hits you with a +1 great sword of freezing!
* * * LOW HITPOINT WARNING * * *
The wight freezes you.
* * * LOW HITPOINT WARNING * * *
The wight hits you with a +1 great sword of freezing!
* * * LOW HITPOINT WARNING * * *
The wight freezes you.
You die...

#.........## ##...##
#..#.......## ##.....## #
.. ##......<####....#..###
##.......##...#####...
#............# ##... .
##............# #....
..##.......###...####....
#.........## ###........#
..#.......@## #....##..#
#....#...z## #..#####.#
...#####..# #..# ### #...
#..# ##.## ...# #..# #..#
####..##..## ##..#
#.....#....# #..##
#...).....# #..# ####
......###....###..######..#


You could see a wight.

Vanquished Creatures
  2 water moccasins
  A sky beast (D:6)
  2 orc warriors (D:6)
  An ice beast (D:7)
  2 centaurs (D:5)
  3 bullfrogs (D:6)
  A scorpion (D:6)
  6 wights
  A howler monkey (D:4)
  4 hounds
  A bullfrog skeleton (D:5)
  An iguana (D:5)
  2 orc wizards (D:6)
  2 worker ants
  A howler monkey zombie (D:6)
  7 gnolls (D:5)
  7 adders
  A white imp (D:6)
  An ooze (D:2)
  2 worms
  5 dart slugs
  7 leopard geckos
  11 orcs
  A ball python (D:1)
  5 giant cockroaches
  3 goblins
  6 hobgoblins
  8 jackals
  A quokka (D:5)
  A bat (D:1)
  3 frilled lizards (D:3)
  6 kobolds
  6 rats
111 creatures vanquished.

Vanquished Creatures (others)
  10 fulminant prisms
10 creatures vanquished.

Grand Total: 121 creatures vanquished

Notes
Turn   | Place    | Note
-------+----------+-------------------------------------------
     0 | D:1      | Aapotti the Demigod Conjurer began the quest for the Orb.
     0 | D:1      | Reached XP level 1. HP: 14/14 MP: 5/5
   339 | D:1      | Reached XP level 2. HP: 20/20 MP: 5/7
   383 | D:1      | Reached skill level 4 in Conjurations
   509 | D:1      | Learned a level 2 spell: Searing Ray
  1488 | D:2      | Reached XP level 3. HP: 26/26 MP: 3/8
  3002 | D:3      | Reached XP level 4. HP: 33/33 MP: 7/10
  3191 | D:4      | Reached skill level 5 in Conjurations
  3791 | D:4      | Learned a level 4 spell: Fulminant Prism
  3976 | D:5      | Entered Level 5 of the Dungeon
  3985 | D:5      | Reached XP level 5. HP: 39/39 MP: 3/12
  4143 | D:5      | Reached skill level 1 in Fighting
  4154 | D:5      | Identified a scroll of acquirement
  4154 | D:5      | Acquired a staff of conjuration
  4183 | D:5      | Noticed a centaur
  4201 | D:5      | Killed a centaur
  4202 | D:5      | Reached XP level 6. HP: 15/48 MP: 2/14
  4679 | D:5      | Noticed a water moccasin
  4682 | D:5      | Killed a water moccasin
  4683 | D:5      | Reached skill level 6 in Conjurations
  4683 | D:5      | Reached XP level 7. HP: 52/56 MP: 9/16
  4690 | D:5      | Noticed an angel
  5898 | D:6      | Reached skill level 7 in Conjurations
  5898 | D:6      | Reached XP level 8. HP: 67/67 MP: 14/18
  6075 | D:6      | Learned a level 4 spell: Iskenderun's Mystic Blast
  6563 | D:6      | Reached skill level 5 in Fighting
  6985 | D:7      | Reached skill level 5 in Spellcasting
  7152 | D:7      | HP: 2/65 [wight/+1 great sword of freezing (10)]
  7152 | D:7      | Slain by a wight

Illustrated notes

Levels and vault maps discovered:
D:1:      nicolae_arrival_washed_ashore, layout_loops_ring,
          minmay_misc_feat_ornament
D:2:      layout_loops_ring, grunt_temple_overflow_opulence, tso_metal_star,
          minmay_tromino_v4_c
D:3:      layout_loops_corners, nrook_campfire
D:4:      layout_cave_pods
D:5:      layout_loops_ring, grunt_temple_overflow_order_and_chaos_1,
          gup_sewer_entry_bubbles, patterned_corridor
D:6:      layout_gridville, amethyst_overflow_temple_binary
D:7:      layout_layer_cave, kennysheep_mini, minmay_temple_entry_arrows,
          uniq_maggie, uniq_pikel

Skill      XL: |  1  2  3  4  5  6  7  8 |
---------------+-------------------------+-----
Conjurations   | 4 5 6 7 |  7.9
Dodging        | 2 |  2.0
Spellcasting   | 2 3 4 5 |  5.0
Fighting       | 1 2 4 5 |  5.2
Short Blades   | |  0.2
Long Blades    | |  0.8
Stealth        | |  1.7

Action                   |  1- 3 |  4- 6 |  7- 9 || total
-------------------------+-------+-------+-------++-------
Melee: Unarmed           |     9 |       |       ||     9
       Short sword       |     8 |    10 |       ||    18
       Staff             |       |     1 |     1 ||     2
       Halberd           |       |       |     2 ||     2
 Cast: Magic Dart        |    33 |    15 |    16 ||    64
       Searing Ray       |    23 |    19 |    26 ||    68
       Fulminant Prism   |       |       |    10 ||    10
  Use: Scroll            |       |    12 |       ||    12
       Potion            |       |     2 |     1 ||     3
Armor: Robe              |     2 |       |       ||     2
       Leather armour    |     3 |     6 |     5 ||    14
Dodge: Dodged            |    11 |    12 |     9 ||    32

Table legend: (Time is in decaauts)
 A = Elapsed time spent in this place.
 B = Non-inter-level travel time spent in this place.
 C = Inter-level travel time spent in this place.
 D = Time resting spent in this place.
 E = Time spent auto-exploring this place.
 F = Levels seen in this place.
 G = Mean time per level.
                   A        B        C        D        E       F      G
               +--------+--------+--------+--------+--------+-----+--------+
         Total |   7190 |   7008 |    182 |   1681 |   4231 |   7 | 1027.1 |
       Dungeon |   7190 |   7008 |    182 |   1681 |   4231 |   7 | 1027.1 |
               +--------+--------+--------+--------+--------+-----+--------+

Top non-repeatable levels by time:
     D:6: 1655 daAuts
     D:5: 1253 daAuts
     D:1: 1248 daAuts
     D:4: 918 daAuts
     D:3: 915 daAuts
     D:2: 892 daAuts
     D:7: 306 daAuts
